 Dungeon Sprint DCSS version 0.31-a0-631-g285b096dc4 (webtiles) character file.

Game seed: 6020820724830045316

7454 BigDaddyOpFi the Mimic (level 10, -16/107 HPs)
             Began as a Troll Shapeshifter on Aug 24, 2023.
             Was a High Priest of Qazlal.
             Demolished by a death cob (29 damage)
             ... in the Dungeon (Sprint VII: "The Pits") on Aug 25, 2023.
             The game lasted 00:03:53 (1371 turns).

BigDaddyOpFi the Mimic (Troll Shapeshifter)         Turns: 1371, Time: 00:03:54

Health: -16/107    AC:  7    Str: 29    XL:     10   Next: 94%
Magic:  5/18       EV: 15    Int:  7    God:    Qazlal [*****.]
Gold:   0          SH:  7    Dex: 10    Spells: 9/9 levels left

rFire   . . .        t - +1 broad axe (venom)
rCold   . . .        (no shield)
rNeg    . . .        a - +0 animal skin
rPois   .            (helmet currently unavailable)
rElec   .            (cloak currently unavailable)
rCorr   .            (gloves unavailable)
SInv    .            (boots unavailable)
Will    .....        (no amulet)
Stlth   +            i - +3 ring of evasion
HPRegen 1.17/turn    o - +3 ring of intelligence
MPRegen 0.16/turn

%: no teleportation, repel missiles
@: beast-form, protected from physical damage
A: beast (slay +4), large, unfitting armour, claws 3, regeneration 1, shaggy fur
1, tough skin 1
a: Begin Untransformation, Renounce Religion, Upheaval, Elemental Force,
Disaster Area


You were in the Dungeon.
You worshipped Qazlal.
Qazlal was extremely pleased with you.
You were a hulking beast.
You visited 1 branch

Inventory:

Hand Weapons
 s - the +2 morningstar of Upheaval {freeze, Will+}
   (You found it in the Dungeon)

   Will+:     It increases your willpower.
 t - a +1 broad axe of venom (weapon)
Armour
 a - a +0 animal skin (worn)
Jewellery
 i - a +3 ring of evasion (left claw)
 o - a +3 ring of intelligence (right claw)
Talismans
 c - a beast talisman (active)
 d - a flux talisman
Scrolls
 l - 2 scrolls of vulnerability
 m - 5 scrolls of amnesia
 n - a scroll of butterflies
Potions
 b - a potion of lignification
 e - 3 potions of curing
 g - 2 potions of haste
 h - 4 potions of magic
 k - 2 potions of invisibility
 p - a potion of berserk rage
 q - 3 potions of mutation
 r - a potion of might


   Skills:
 + Level 9.0 Fighting
 + Level 4.5 Axes
 + Level 9.0 Dodging
 - Level 9.2 Unarmed Combat
 * Level 12.9 Invocations
 * Level 13.5 Shapeshifting


You had 9 spell levels left.
You didn't know any spells.
Your spell library was empty.

Dungeon Overview and Level Annotations

Branches:
Dungeon (1/1)

Altars:
Ashenzari
Cheibriados
Dithmenos
Elyvilon
Fedhas
Gozag
Hepliaklqana
Kikubaaqudgha
Makhleb
Nemelex Xobeh
Okawaru
Qazlal
Ru
Sif Muna
Trog
Uskayaw
Vehumet
Wu Jian
Xom
Yredelemnul
Zin
The Shining One
Jiyva
Lugonu


Innate Abilities, Weirdness & Mutations

You are a hulking beast.
Your limbs bulge with bestial killing power. (Slay +4)
You are too large for most types of armour.
You have claws for hands.
Your natural rate of healing is unusually fast.
You are covered in fur. (AC +1)
You have tough skin. (AC +1)


Message History

The blast of magma engulfs the stone giant!!
The stone giant is heavily wounded.
Your Axes skill increases to level 4!
Aiming: Upheaval
Press: ? - help, Dir - move target, f - stone giant
Aim: a stone giant, quivering large rocks (heavily wounded, very poisoned)
The ground shakes violently, spewing rubble!
The blast of rubble hits the stone giant!
The stone giant is severely wounded.
Aiming: Upheaval
Press: ? - help, Dir - move target, f/p - stone giant
Aim: a stone giant, quivering large rocks (severely wounded, very poisoned)
The ground shakes violently, spewing rubble!
The blast of rubble hits the stone giant!
The stone giant is severely wounded.
The stone giant closely misses you.
You hit the stone giant but do no damage.
The stone giant is severely wounded.
You hear a chilling moan.
The stone giant hits you!!
* * * LOW HITPOINT WARNING * * *
You hit the stone giant but do no damage.
The stone giant looks as sick as possible!
The stone giant is severely wounded.
A death cob comes into view.
The stone giant closely misses you. The stone giant hits you!
* * * LOW HITPOINT WARNING * * *
You feel much better. You block the stone giant's attack.
You hit the stone giant. You claw the stone giant.
The stone giant is almost dead.
You kill the stone giant!
Qazlal accepts your kill. You block the death cob's attack. x2
Your Fighting skill increases to level 9!
Your Dodging skill increases to level 9!
Unknown command.
You feel better. The death cob hits you!!
* * * LOW HITPOINT WARNING * * *
The death cob hits you!!
You die...

##†#####''######
...)..##''# ##### #####
......##)[###...###..'.
......##..†##≈..##..#
..<...###†.†##'##..##
......# ##.)††......##
......# #..###°###...# '
......##..##.....##..#..
########..'...☼.hz'..'...'.
########..##..°..##..#...#.
.#..[[###. ###'###...##+##
.#..[[# ## .... ..##
.'..).# .##'# ..## .#..))#
.. ... #. .#..))# . ... ##
####### ####


You could see a death cob.

Vanquished Creatures
  A stone giant (D)
  A deep troll (D)
  A deep elf zephyrmancer (D)
  An orc knight (D)
  A manticore (D)
  2 elephants (D)
  An orange demon (D)
  A cane toad (D)
  A tarantella (D)
  A flying skull (D)
  3 fire bats (D)
  A wyvern (D)
  5 yaks (D)
  Grum (D)
  A redback (D)
  A neqoxec (D)
  A water moccasin (D)
  A floating eye (D)
  A swamp drake (D)
  A black bear (D)
  2 orc warriors (D)
  8 wolves (D)
  A gnoll sergeant (D)
  A scorpion (shapeshifter) (D)
  3 wights (D)
  A small abomination (D)
  2 orc wizards (D)
  5 gnolls (D)
  A river rat (D)
  A worm (D)
  3 orcs (D)
  A bat (D)
  2 endoplasms (D)
  A goblin (D)
  A jackal (D)
  A quokka (D)
  A ball python (D)
62 creatures vanquished.

Notes
Turn   | Place    | Note
-------+----------+-------------------------------------------
     0 | D        | BigDaddyOpFi the Troll Shapeshifter began the quest for the
                  | Orb.
     0 | D        | Reached XP level 1. HP: 18/18 MP: 0/0
    14 | D        | Reached skill level 1 in Fighting
    14 | D        | Reached XP level 2. HP: 18/27 MP: 1/1
    23 | D        | Found a bloodstained altar of Trog.
    23 | D        | Found a shimmering blue altar of Sif Muna.
    23 | D        | Found a viscous altar of Jiyva.
    23 | D        | Found a hazy altar of Hepliaklqana.
    23 | D        | Found an opulent altar of Gozag.
   108 | D        | Found a glowing golden altar of the Shining One.
   108 | D        | Found a glowing silver altar of Zin.
   108 | D        | Found a basalt altar of Yredelemnul.
   108 | D        | Found a shimmering altar of Xom.
   108 | D        | Found an ornate altar of the Wu Jian Council.
   108 | D        | Found a sacrificial altar of Ru.
   108 | D        | Found a stormy altar of Qazlal.
   108 | D        | Found an iron altar of Okawaru.
   108 | D        | Found a sparkling altar of Nemelex Xobeh.
   108 | D        | Found a burning altar of Makhleb.
   108 | D        | Found a blossoming altar of Fedhas.
   108 | D        | Found a white marble altar of Elyvilon.
   108 | D        | Found a shadowy altar of Dithmenos.
   108 | D        | Found a snail-covered altar of Cheibriados.
   110 | D        | Found a radiant altar of Vehumet.
   110 | D        | Found a corrupted altar of Lugonu.
   111 | D        | Found a hide-covered altar of Uskayaw.
   111 | D        | Found an ancient bone altar of Kikubaaqudgha.
   111 | D        | Found a broken altar of Ashenzari.
   115 | D        | Became a worshipper of Qazlal Stormbringer
   149 | D        | Reached skill level 4 in Shapeshifting
   161 | D        | Noticed a floating eye
   164 | D        | Reached * piety under Qazlal
   166 | D        | Killed a floating eye
   167 | D        | Reached skill level 5 in Shapeshifting
   167 | D        | Reached XP level 3. HP: 37/37 MP: 1/4
   167 | D        | Reached XP level 4. HP: 45/45 MP: 1/5
   236 | D        | Reached ** piety under Qazlal
   293 | D        | Noticed a water moccasin
   297 | D        | Noticed a fire bat
   301 | D        | Killed a water moccasin
   302 | D        | Reached skill level 5 in Unarmed Combat
   302 | D        | Reached skill level 5 in Invocations
   302 | D        | Reached skill level 6 in Shapeshifting
   302 | D        | Reached XP level 5. HP: 52/54 MP: 5/7
   303 | D        | Reached *** piety under Qazlal
   311 | D        | Reached skill level 7 in Shapeshifting
   311 | D        | Reached XP level 6. HP: 17/62 MP: 5/9
   311 | D        | Killed a fire bat
   312 | D        | Reached skill level 5 in Dodging
   322 | D        | HP: 3/61 [wight/+0 trident (7)]
   329 | D        | Reached **** piety under Qazlal
   330 | D        | Reached skill level 8 in Shapeshifting
   332 | D        | Reached XP level 7. HP: 36/71 MP: 8/11
   361 | D        | Noticed a flying skull
   365 | D        | Killed a flying skull
   366 | D        | Reached skill level 5 in Fighting
   528 | D        | Noticed a tarantella
   531 | D        | Killed a tarantella
   532 | D        | Reached skill level 9 in Shapeshifting
   539 | D        | Reached ***** piety under Qazlal
   567 | D        | Noticed a fire bat
   567 | D        | Noticed a deep troll
   569 | D        | Reached XP level 8. HP: 71/83 MP: 4/13
   571 | D        | Killed a deep troll
   572 | D        | Reached skill level 10 in Shapeshifting
   812 | D        | Got the +2 morningstar of Upheaval {freeze, Will+}
   871 | D        | Noticed an orc knight
   878 | D        | Reached XP level 9. HP: 15/92 MP: 15/15
   885 | D        | Killed an orc knight
   886 | D        | Reached skill level 10 in Invocations
   889 | D        | Reached skill level 11 in Shapeshifting
   897 | D        | Reached ****** piety under Qazlal
  1033 | D        | Noticed a cane toad
  1033 | D        | Noticed an elephant
  1034 | D        | Noticed a deep elf zephyrmancer
  1053 | D        | Killed a cane toad
  1054 | D        | Reached skill level 1 in Axes
  1055 | D        | Killed an elephant
  1056 | D        | Reached skill level 12 in Shapeshifting
  1056 | D        | Reached XP level 10. HP: 47/104 MP: 9/17
  1059 | D        | Killed a deep elf zephyrmancer
  1208 | D        | Noticed Grum
  1215 | D        | Killed Grum
  1234 | D        | Noticed an orange demon
  1235 | D        | Noticed a manticore
  1241 | D        | Killed an orange demon
  1242 | D        | Killed a manticore
  1243 | D        | Reached skill level 13 in Shapeshifting
  1352 | D        | Noticed a stone giant
  1356 | D        | Noticed an elephant
  1361 | D        | Upgraded the game from 0.31-a0-626-g8143ab4f1d to
                  | 0.31-a0-631-g285b096dc4
  1362 | D        | Killed an elephant
  1368 | D        | Noticed a death cob
  1368 | D        | HP: 5/106 [stone giant (13)]
  1370 | D        | Killed a stone giant
  1371 | D        | Demolished by a death cob

Illustrated notes

Levels and vault maps discovered:
D:        pitsprint [storerooms_1, entrance_room_1, metal_vault_5, armoury_1,
          mini_pit_1, grid_room_1, main_hall_1, silver_pit, the_coven_3,
          the_vestibule_1, steel_vault_4, golden_pit, hallway_of_sentries,
          crystal_vault_6, iron_vault_1, final_vault]

Skill      XL: |  1  2  3  4  5  6  7  8  9 10 |
---------------+-------------------------------+-----
Fighting       | 1 3 4 5 6 7 9 |  9.0
Dodging        | 2 3 4 5 6 8 9 |  9.0
Shapeshifting  | 5 6 7 8 9 10 12 13 | 13.5
Unarmed Combat | 4 5 6 7 8 9 |  9.2
Invocations    | 3 5 6 8 9 11 12 | 12.9
Axes           | 1 4 |  4.5

Action                     |  1- 3 |  4- 6 |  7- 9 | 10-12 || total
---------------------------+-------+-------+-------+-------++-------
  Melee: Unarmed           |    11 |    25 |    14 |       ||    50
         Punch             |       |       |     4 |     1 ||     5
         Morningstar       |       |       |    16 |       ||    16
         Broad axe         |       |       |     7 |    34 ||    41
 Invoke: Disaster Area     |       |       |     3 |     3 ||     6
         Upheaval          |       |       |     2 |     4 ||     6
    Use: Potion            |       |     5 |     8 |     3 ||    16
         Scroll            |       |       |       |     1 ||     1
 Armour: Animal skin       |     2 |     4 |    13 |     9 ||    28
  Dodge: Dodged            |     7 |    14 |    37 |    49 ||   107
         Repelled          |       |       |       |     1 ||     1
  Block: Other             |       |     5 |    21 |    33 ||    59

Table legend: (Time is in decaauts)
 A = Elapsed time spent in this place.
 B = Non-inter-level travel time spent in this place.
 C = Inter-level travel time spent in this place.
 D = Time resting spent in this place.
 E = Time spent auto-exploring this place.
 F = Levels seen in this place.
 G = Mean time per level.
                   A        B        C        D        E       F      G
               +--------+--------+--------+--------+--------+-----+--------+
         Total |   1424 |   1358 |     66 |    911 |      0 |   1 | 1424.0 |
       Dungeon |   1424 |   1358 |     66 |    911 |      0 |   1 | 1424.0 |
               +--------+--------+--------+--------+--------+-----+--------+

Top non-repeatable levels by time:
       D: 1424 daAuts
